EL
SAN JOSE GIANTS @ READING FIGHTIN PHILS
08/04/2044
 
TOP OF THE 1ST
San Jose Giants batting - Pitching for Reading Fightin Phils : LHP Taylor Sightler
Pitching: LHP Taylor Sightler
Batting: LHB J.P. Olson 0-0: Called Strike
0-1: Foul Ball, location: 2F
0-2: Strikes out looking
Batting: RHB Tyler Mapes 0-0: Called Strike
0-1: Foul Ball, location: 2F
0-2: Strikes out swinging
Batting: LHB Fred Arends 0-0: Swinging Strike
0-1: Ground out U3 (Groundball, 3, EV 79.4 MPH)
Top of the 1st over - 0 runs, 0 hits, 0 errors, 0 left on base; San Jose 0 - Reading 0
BOTTOM OF THE 1ST
Reading Fightin Phils batting - Pitching for San Jose Giants : RHP Evan Boy
Pitching: RHP Evan Boy
Batting: RHB Matt Strong 0-0: Ball
1-0: Called Strike
1-1: Called Strike
1-2: Foul Ball, location: 2F
1-2: Ball
2-2: Foul Ball, location: 2F
2-2: Ball
3-2: SINGLE (Line Drive, 8LS, EV 99.4 MPH)
Batting: LHB Danny Hill 0-0: Ball
1-0: Ball
2-0: Called Strike
2-1: Foul Ball, location: 2F
2-2: Strikes out swinging
Matt Strong steals 2nd base
Batter strikes out.
Batting: SHB Lance Franklin 0-0: Called Strike
0-1: Swinging Strike
0-2: Ball
1-2: Ball
2-2: Fly out, F9 (Line Drive, 9, EV 96.9 MPH)
Batting: LHB Chris Fandino 0-0: Swinging Strike
0-1: Ground out 4-3 (Groundball, 4, EV 88.1 MPH)
Bottom of the 1st over - 0 runs, 1 hit, 0 errors, 1 left on base; San Jose 0 - Reading 0
TOP OF THE 2ND
San Jose Giants batting - Pitching for Reading Fightin Phils : LHP Taylor Sightler
Batting: RHB Adam Solesbee 0-0: Called Strike
0-1: Ball
1-1: Called Strike
1-2: Foul Ball, location: 2F
1-2: Ground out 6-3 (Groundball, 6MD, EV 96.3 MPH)
Batting: LHB Carey Horncole 0-0: Ball
1-0: Swinging Strike
1-1: Called Strike
1-2: Foul Ball, location: 2F
1-2: Ball
2-2: Ground out 4-3 (Groundball, 4, EV 97.5 MPH)
Batting: RHB Tade Post 0-0: Ball
1-0: Ball
2-0: Swinging Strike
2-1: Ball
3-1: DOUBLE (Line Drive, 78D, EV 101.9 MPH)
Batting: LHB Tony Galvan 0-0: Foul Ball, location: 2F
0-1: Ball
1-1: SINGLE (Line Drive, 78S, EV 88.8 MPH)
Tade Post to third
Runner from 3rd tries for Home, SAFE, throw by CF to home
Batting: RHB Josh Lippens 0-0: Called Strike
0-1: Ball
1-1: Fly out, F9 (Flyball, 9D, EV 93.1 MPH)
Top of the 2nd over - 1 run, 2 hits, 0 errors, 1 left on base; San Jose 1 - Reading 0
BOTTOM OF THE 2ND
Reading Fightin Phils batting - Pitching for San Jose Giants : RHP Evan Boy
Batting: LHB Darrell Ortega 0-0: Swinging Strike
0-1: Ball
1-1: Foul Ball, location: 2F
1-2: Fly out, F9 (Flyball, 89XD, EV 88.8 MPH)
Batting: RHB Austin Wiebe 0-0: Ball
1-0: Foul Ball, location: 2F
1-1: Ball
2-1: SINGLE (Line Drive, 8RS, EV 106.9 MPH)
Batting: LHB Jose Fierro 0-0: Ball
1-0: Called Strike
1-1: Ball
2-1: Fielders Choice at 2nd, 6-4 (Groundball, 6, EV 90.6 MPH)
Batting: RHB Hector Nunez 0-0: Called Strike
0-1: Ball
1-1: Foul Ball, location: 2F
1-2: Ball
2-2: Ball
3-2: Strikes out swinging
Bottom of the 2nd over - 0 runs, 1 hit, 0 errors, 1 left on base; San Jose 1 - Reading 0
TOP OF THE 3RD
San Jose Giants batting - Pitching for Reading Fightin Phils : LHP Taylor Sightler
Batting: RHB Mike Jones 0-0: Ball
1-0: Fly out, F9 (Line Drive, 9, EV 98.1 MPH)
Batting: LHB J.P. Olson 0-0: Ball
1-0: Called Strike
1-1: Ground out U3 (Groundball, 34, EV 87.5 MPH)
Batting: RHB Tyler Mapes 0-0: Called Strike
0-1: Foul Ball, location: 2F
0-2: Strikes out looking
Top of the 3rd over - 0 runs, 0 hits, 0 errors, 0 left on base; San Jose 1 - Reading 0
BOTTOM OF THE 3RD
Reading Fightin Phils batting - Pitching for San Jose Giants : RHP Evan Boy
Batting: RHB Gary Hills 0-0: Ball
1-0: Ball
2-0: Called Strike
2-1: Ball
3-1: Ground out 6-3 (Groundball, 6M, EV 103.1 MPH)
Batting: RHB Matt Strong 0-0: Ground out 5-3 (Groundball, 56D, EV 85.0 MPH)
Batting: LHB Danny Hill 0-0: Swinging Strike
0-1: Ball
1-1: Called Strike
1-2: Fly out, F7 (Line Drive, 7D, EV 93.1 MPH)
Bottom of the 3rd over - 0 runs, 0 hits, 0 errors, 0 left on base; San Jose 1 - Reading 0
TOP OF THE 4TH
San Jose Giants batting - Pitching for Reading Fightin Phils : LHP Taylor Sightler
Batting: LHB Fred Arends 0-0: Foul Ball, location: 2F
0-1: Ground out 6-3 (Groundball, 6, EV 81.9 MPH)
Batting: RHB Adam Solesbee 0-0: Ball
1-0: Ball
2-0: SINGLE (Groundball, 56D, EV 96.9 MPH)
Batting: LHB Carey Horncole 0-0: Ball
1-0: SINGLE (Groundball, 34D, EV 98.8 MPH)
Adam Solesbee to second
Adam Solesbee to third
Batting: RHB Tade Post 0-0: Called Strike
0-1: Called Strike
0-2: Ball
Carey Horncole steals 2nd base
1-2: Ball
2-2: Foul Ball, location: 2F
2-2: Foul Ball, location: 2F
2-2: Foul Ball, location: 2F
2-2: Foul Ball, location: 2F
2-2: Fly out, F8 (Flyball, 8RS, EV 92.5 MPH)
Batting: LHB Tony Galvan 0-0: Called Strike
0-1: Ball
1-1: Swinging Strike
1-2: Strikes out swinging
Top of the 4th over - 0 runs, 2 hits, 0 errors, 2 left on base; San Jose 1 - Reading 0
BOTTOM OF THE 4TH
Reading Fightin Phils batting - Pitching for San Jose Giants : RHP Evan Boy
Batting: SHB Lance Franklin 0-0: Ball
1-0: Foul Ball, location: 2F
1-1: Ball
2-1: Fly out, F8 (Line Drive, 8RM, EV 96.9 MPH)
Now in CF: Jonathan Reece
Batting: LHB Chris Fandino 0-0: Foul Ball, location: 2F
0-1: Foul Ball, location: 2F
0-2: Ball
1-2: Foul Ball, location: 2F
1-2: Foul Ball, location: 2F
1-2: Foul Ball, location: 2F
1-2: Foul Ball, location: 2F
1-2: Ball
2-2: Ball
3-2: Ground out U3 (Groundball, 13, EV 80.0 MPH)
Batting: LHB Darrell Ortega 0-0: Ground out 4-3 (Groundball, 4D, EV 102.5 MPH)
Bottom of the 4th over - 0 runs, 0 hits, 0 errors, 0 left on base; San Jose 1 - Reading 0
TOP OF THE 5TH
San Jose Giants batting - Pitching for Reading Fightin Phils : LHP Taylor Sightler
Batting: RHB Josh Lippens 0-0: Swinging Strike
0-1: Ball
1-1: Ground out 4-3 (Groundball, 4, EV 85.0 MPH)
Batting: RHB Mike Jones 0-0: Called Strike
0-1: Ball
1-1: Ball
2-1: Ground out 4-3 (Groundball, 34, EV 79.4 MPH)
Batting: RHB Jonathan Reece 0-0: Ball
1-0: Ball
2-0: Fly out, F9 (Flyball, 9, EV 96.9 MPH)
Top of the 5th over - 0 runs, 0 hits, 0 errors, 0 left on base; San Jose 1 - Reading 0
BOTTOM OF THE 5TH
Reading Fightin Phils batting - Pitching for San Jose Giants : RHP Evan Boy
Batting: RHB Austin Wiebe 0-0: Foul Ball, location: 2F
0-1: Ball
1-1: Called Strike
1-2: Ball
2-2: SINGLE (Flyball, 8RS, EV 90.0 MPH)
Batting: LHB Jose Fierro 0-0: Foul Ball, location: 2F
0-1: Called Strike
0-2: Ball
1-2: Foul Ball, location: 2F
1-2: Fly out, F7 (Flyball, 7LM, EV 96.9 MPH)
Batting: RHB Hector Nunez 0-0: Ball
1-0: Foul Ball, location: 2F
1-1: Ball
2-1: Ball
3-1: Fly out, F8 (Line Drive, 8LD, EV 86.9 MPH)
Batting: RHB Gary Hills 0-0: Called Strike
0-1: Ground out 4-3 (Groundball, 4, EV 91.9 MPH)
Bottom of the 5th over - 0 runs, 1 hit, 0 errors, 1 left on base; San Jose 1 - Reading 0
TOP OF THE 6TH
San Jose Giants batting - Pitching for Reading Fightin Phils : LHP Taylor Sightler
Batting: RHB Tyler Mapes 0-0: Ground out 1-3 (Groundball, 13, EV 71.9 MPH)
Batting: LHB Fred Arends 0-0: Ball
1-0: Ball
2-0: Foul Ball, location: 2F
2-1: Ball
3-1: Foul Ball, location: 2F
3-2: Strikes out swinging, 2-3 out at first.
Batting: RHB Adam Solesbee 0-0: Ball
1-0: SINGLE (Line Drive, 7S, EV 92.5 MPH)
Batting: LHB Carey Horncole 0-0: Swinging Strike
0-1: Foul Ball, location: 2F
0-2: Strikes out swinging
Top of the 6th over - 0 runs, 1 hit, 0 errors, 1 left on base; San Jose 1 - Reading 0
BOTTOM OF THE 6TH
Reading Fightin Phils batting - Pitching for San Jose Giants : RHP Evan Boy
Batting: RHB Matt Strong 0-0: Called Strike
0-1: DOUBLE (Line Drive, 7LM, EV 103.1 MPH)
Batting: LHB Danny Hill 0-0: Called Strike
0-1: Called Strike
0-2: Ball
1-2: Ground out 6-3 (Groundball, 6M, EV 88.1 MPH)
Matt Strong to third
Batting: SHB Lance Franklin 0-0: Foul Ball, location: 2F
0-1: Fly out, F7 (Flyball, 78D, EV 78.1 MPH)
Runner from 3rd tags up, SCORES, throw by LF
Batting: LHB Chris Fandino 0-0: Ground out 6-3 (Groundball, 6, EV 76.9 MPH)
Bottom of the 6th over - 1 run, 1 hit, 0 errors, 0 left on base; San Jose 1 - Reading 1
TOP OF THE 7TH
San Jose Giants batting - Pitching for Reading Fightin Phils : LHP Taylor Sightler
Batting: RHB Tade Post 0-0: Ball
1-0: Swinging Strike
1-1: Called Strike
1-2: Ball
2-2: Strikes out swinging
Batting: LHB Tony Galvan 0-0: Ball
1-0: Ball
2-0: Foul Ball, location: 2F
2-1: Ground out 4-3 (Groundball, 4, EV 83.8 MPH)
Batting: RHB Josh Lippens 0-0: Fly out, F9 (Flyball, 9D, EV 100.6 MPH)
Top of the 7th over - 0 runs, 0 hits, 0 errors, 0 left on base; San Jose 1 - Reading 1
BOTTOM OF THE 7TH
Reading Fightin Phils batting - Pitching for San Jose Giants : RHP Evan Boy
Batting: LHB Darrell Ortega 0-0: Ball
1-0: Ball
2-0: Foul Ball, location: 2F
2-1: Foul Ball, location: 2F
2-2: Foul Ball, location: 2F
2-2: Ball
3-2: SINGLE (Line Drive, 6D, EV 94.4 MPH)
Pitching: RHP Phil Holmes
Batting: RHB Austin Wiebe 0-0: Ball
1-0: Foul Ball, location: 2F
1-1: Ball
2-1: Ball
3-1: Called Strike
3-2: Strikes out looking
Batting: LHB Jose Fierro 0-0: Ball
1-0: Fielders Choice at 2nd, 1-6 (Groundball, P, EV 68.1 MPH)
Batting: RHB Hector Nunez 0-0: Fly out, F9 (Flyball, 89D, EV 88.1 MPH)
Bottom of the 7th over - 0 runs, 1 hit, 0 errors, 1 left on base; San Jose 1 - Reading 1
TOP OF THE 8TH
San Jose Giants batting - Pitching for Reading Fightin Phils : LHP Taylor Sightler
Batting: RHB Mike Jones 0-0: DOUBLE (Flyball, 78XD, EV 108.1 MPH)
Batting: RHB Jonathan Reece 0-0: Called Strike
0-1: Ground out 6-3 (Groundball, 6, EV 75.6 MPH)
Batting: RHB Tyler Mapes 0-0: Intentional Walk
Batting: LHB Fred Arends 0-0: Ball
1-0: Swinging Strike
1-1: Swinging Strike
1-2: Strikes out swinging
Pitching: RHP Jaylen Johnson
Batting: RHB Adam Solesbee 0-0: Ball
1-0: Called Strike
1-1: Ball
2-1: 3-RUN HOME RUN (Flyball, 9D, EV 98.1 MPH), Distance : 366 ft
Batting: LHB Carey Horncole 0-0: Ball
1-0: Swinging Strike
1-1: Called Strike
1-2: Ball
2-2: Strikes out swinging
Top of the 8th over - 3 runs, 2 hits, 0 errors, 0 left on base; San Jose 4 - Reading 1
BOTTOM OF THE 8TH
Reading Fightin Phils batting - Pitching for San Jose Giants : RHP Phil Holmes
Batting: RHB Gary Hills 0-0: Fly out, F3 (Popup, 23F, EV 80.6 MPH)
Batting: RHB Matt Strong 0-0: Called Strike
0-1: Foul Ball, location: 2F
0-2: Ball
1-2: Foul Ball, location: 2F
1-2: Foul Ball, location: 2F
1-2: Ball
2-2: Ball
3-2: Ground out 5-3 (Groundball, 5, EV 81.9 MPH)
Batting: LHB Danny Hill 0-0: Fly out, F3 (Line Drive, 3, EV 67.5 MPH)
Bottom of the 8th over - 0 runs, 0 hits, 0 errors, 0 left on base; San Jose 4 - Reading 1
TOP OF THE 9TH
San Jose Giants batting - Pitching for Reading Fightin Phils : RHP Jaylen Johnson
Batting: RHB Tade Post 0-0: Called Strike
0-1: Swinging Strike
0-2: Strikes out swinging
Batting: LHB Tony Galvan 0-0: Ball
1-0: Foul Ball, location: 2F
1-1: Foul Ball, location: 2F
1-2: Ball
2-2: Ball
3-2: DOUBLE (Flyball, 78XD, EV 102.5 MPH)
Batting: RHB Josh Lippens 0-0: Ball
1-0: Ball
2-0: Ball
3-0: Base on Balls
Batting: RHB Mike Jones 0-0: Ball
Tony Galvan steals 3rd base (no throw)
Josh Lippens to second
1-0: Ball
2-0: Foul Ball, location: 2F
2-1: Foul Ball, location: 2F
2-2: Ground out U3 (Groundball, 13, EV 83.8 MPH)
Tony Galvan scores
Josh Lippens to third
Batting: RHB Jonathan Reece 0-0: Swinging Strike
0-1: Swinging Strike
0-2: Foul Ball, location: 2F
0-2: Strikes out swinging
Top of the 9th over - 1 run, 1 hit, 0 errors, 1 left on base; San Jose 5 - Reading 1
BOTTOM OF THE 9TH
Reading Fightin Phils batting - Pitching for San Jose Giants : RHP Phil Holmes
Pitching: LHP Chris Moris
Batting: SHB Lance Franklin 0-0: Ball
1-0: Called Strike
1-1: Swinging Strike
1-2: Strikes out swinging
Batting: LHB Chris Fandino 0-0: Called Strike
0-1: Foul Ball, location: 2F
0-2: Ball
1-2: Ball
2-2: Ball
3-2: Ground out 5-3 (Groundball, 5, EV 100.0 MPH)
Batting: LHB Darrell Ortega 0-0: Ball
1-0: Fly out, F2 (Popup, 15S, EV 87.5 MPH)
Bottom of the 9th over - 0 runs, 0 hits, 0 errors, 0 left on base; San Jose 5 - Reading 1
Thursday, March 31st , 2022 - OOTP Baseball 22.12 Build 89